 Dungeon Crawl Stone Soup version 0.30-a0-135-g630cfc4551 (webtiles) character file.

Game seed: 6334992116765777174

72 testman the Firebug (level 3, -3/26 HPs)
             Began as a Demigod Fire Elementalist on Sept 20, 2022.
             Killed by divine providence
             ... invoked by an orc priest
              (14 damage)
             ... on level 3 of the Dungeon.
             The game lasted 00:07:50 (2344 turns).

testman the Firebug (Demigod Fire Elementalist)     Turns: 2344, Time: 00:07:51

Health: -3/26      AC:  3    Str:  9    XL:     3   Next: 80%
Magic:  2/9        EV: 12    Int: 21    God:
Gold:   124        SH:  0    Dex: 14    Spells: 0/6 levels left

rFire   . . .      SeeInvis .    l - +1 flail (drain)
rCold   . . .      Faith    .    (no shield)
rNeg    . . .      Spirit   .    a - +0 robe
rPois   .          Reflect  .    (no helmet)
rElec   .          Harm     .    i - +0 cloak
rCorr   .          Rampage  .    (no gloves)
Will    .....                    (no boots)
Stlth   +.........               (no amulet)
HPRegen 0.08/turn                g - ring of wizardry
MPRegen 0.11/turn                (no ring)

@: confused
A: high MP 1, forlorn, divine attributes
a: no special abilities


You were on level 3 of the Dungeon.
You visited 1 branch of the dungeon, and saw 3 of its levels.

You collected 124 gold pieces.

Inventory:

Hand Weapons
 d - a +0 short sword
 l - a +1 flail of draining (weapon)
Missiles
 f - 3 boomerangs
 h - 5 poisoned darts
Armour
 a - a +0 robe (worn)
 i - a +0 cloak (worn)
Jewellery
 g - a ring of wizardry (left hand)
Scrolls
 e - a scroll of enchant armour {unknown}
 j - 3 scrolls of teleportation {unknown}
 m - a scroll of amnesia {unknown}
 o - a scroll of fear {unknown}
Potions
 b - 2 potions of magic
 c - 4 potions of haste {unknown}
 k - a potion of ambrosia {unknown}
 n - a potion of flight {unknown}


   Skills:
 - Level 1.7 Dodging
 - Level 1.7 Stealth
 - Level 2.2 Spellcasting
 - Level 2.0 Conjurations
 + Level 0.7 Translocations
 - Level 3.1 Fire Magic
 * Level 1.2 Air Magic


You couldn't memorise any spells.
You knew the following spells:

 Your Spells              Type           Power      Damage    Failure   Level
a - Foxfire               Conj/Fire      52%        2x1d6     1%          1
b - Scorch                Fire           30%        2d7       2%          2
c - Kindle Blastsparks    Fire/Tloc/Air  18%        2d11      9%          3

Your spell library contained the following spells:

 Spells                   Type           Power      Damage    Failure   Level
 Inner Flame              Hex/Fire       9%         N/A       9%          3
 Flame Wave               Conj/Fire      13%        2d6       21%         4


Dungeon Overview and Level Annotations

Branches:
Dungeon (3/15)


Innate Abilities, Weirdness & Mutations

You have an increased reservoir of magic. (+10% MP)
You shall have no god before yourself.
Your divine heritage dramatically boosts your attributes as you level up.


Message History

Casting: Foxfire (safe; 1% risk of failure)
Press: ? - help, Q - select action, (/) - cycle Dir - look around, f - activate You conjure some foxfire!
The orc shouts!
You hear a shout!
The ball python bites you. The ball python grabs you.
The ball python constricts you.
Casting: Foxfire (safe; 1% risk of failure)
Confirm with . or Enter, or press ? or * to list all spells.
Flames lash the ball python.
You kill the ball python!
The foxfire hits the orc.
The orc is moderately wounded.
An orc priest comes into view. It is wielding a +0 dagger.
The orc wizard points at you and mumbles some strange words.
The puff of flame misses you.
The foxfire hits the orc.
You kill the orc!
Casting: Foxfire (safe; 1% risk of failure)
Press: ? - help, Q - select action, (/) - cycle Dir - look around, f - activate You conjure some foxfire!
Casting: Foxfire (safe; 1% risk of failure)
Confirm with . or Enter, or press ? or * to list all spells.
Okay, then.
The foxfire hits the orc wizard.
The orc wizard is lightly wounded.
The foxfire hits the orc wizard.
The orc wizard is moderately wounded.
Casting: Foxfire (safe; 1% risk of failure)
Confirm with . or Enter, or press ? or * to list all spells.
The spell is quite dangerous to miscast (9% risk of failure)!
Continue anyway?
A cloud of volatile blastsparks flares up around you!
The orc wizard casts a spell at you.
You are confused.
The orc priest invokes the aid of Beogh against you.
Pain shoots through your body!
You're too confused to move!
The orc priest mumbles some strange prayers to Beogh against you.
Beogh smites you!
Ouch! That really hurt!
You die...

#..........#.#
#..........#.##..
########.........
###..####.. #
#....#
###.##.##.#
........ยง.#####'
#.###..........
#..@.......
#........oo....
#..###.....)...
#. #......... ..
.......... #
.#.........
.#......... .
##########


You could see an orc priest and an orc wizard.

Vanquished Creatures
  A gnoll (D:1)
  An adder (D:2)
  3 worms
  A dart slug (D:1)
  An orc (D:3)
  7 endoplasms
  2 giant cockroaches (D:1)
  2 goblins
  3 hobgoblins (D:1)
  2 jackals (D:2)
  A quokka (D:2)
  4 ball pythons
  3 bats
  A frilled lizard (D:2)
  5 kobolds
  4 rats
41 creatures vanquished.

Vanquished Creatures (others)
  54 foxfires
54 creatures vanquished.

Grand Total: 95 creatures vanquished

Notes
Turn   | Place    | Note
-------+----------+-------------------------------------------
     0 | D:1      | testman the Demigod Fire Elementalist began the quest for
                  | the Orb.
     0 | D:1      | Reached XP level 1. HP: 14/14 MP: 5/5
    25 | D:1      | Reached skill level 1 in Conjurations
   363 | D:1      | Reached skill level 3 in Fire Magic
   363 | D:1      | Reached XP level 2. HP: 20/20 MP: 1/7
   373 | D:1      | Learned a level 2 spell: Scorch
  1068 | D:1      | Reached XP level 3. HP: 26/26 MP: 6/9
  1073 | D:1      | Learned a level 3 spell: Kindle Blastsparks
  1840 | D:2      | Reached skill level 1 in Air Magic
  2344 | D:3      | Killed from afar by an orc priest

Illustrated notes

Levels and vault maps discovered:
D:1:      psy_arrival_dodecagon, layout_loops_cross,
          shapermc_ecumenical_altar_petra
D:2:      layout_loops_ring, due_unseen_surprise
D:3:      layout_basic, fedhas_altar_2, grunt_dithmenos_smoke_and_mirrors,
          serial_shops, shop, uniq_grinder

Skill      XL: |  1  2  3 |
---------------+----------+-----
Conjurations   | 1 2 |  2.0
Spellcasting   | 2 |  2.2
Fire Magic     | 3 |  3.1
Air Magic      | 1 |  1.2
Dodging        | |  1.7
Stealth        | |  1.7
Translocations | |  0.7

Action                   || total
-------------------------++-------
Melee: Short sword       ||    27
       Unarmed           ||     2
       Flail             ||     8
 Cast: Foxfire           ||    32
       Scorch            ||    21
       Kindle Blastspark ||     1
 Stab: Sleeping          ||     4
Armor: Robe              ||     3
Dodge: Dodged            ||    20

Table legend: (Time is in decaauts)
 A = Elapsed time spent in this place.
 B = Non-inter-level travel time spent in this place.
 C = Inter-level travel time spent in this place.
 D = Time resting spent in this place.
 E = Time spent auto-exploring this place.
 F = Levels seen in this place.
 G = Mean time per level.
                   A        B        C        D        E       F      G
               +--------+--------+--------+--------+--------+-----+--------+
         Total |   2345 |   2269 |     76 |      0 |   2012 |   3 |  781.7 |
       Dungeon |   2345 |   2269 |     76 |      0 |   2012 |   3 |  781.7 |
               +--------+--------+--------+--------+--------+-----+--------+

Top non-repeatable levels by time:
     D:1: 1219 daAuts
     D:2: 831 daAuts
     D:3: 295 daAuts
